 Dungeon Crawl Stone Soup version bcrawl-1.28.1b (webtiles) character file.

Game seed: 9767238317442365136

181626 Adamkad1 the Ruffian (level 5, -2/42 HPs)
             Began as a Draconian Transmuter on Dec 12, 2020.
             Slain by a gnoll (7 damage)
             ... on level 3 of the Dungeon.
             The game lasted 00:02:26 (1838 turns).

Adamkad1 the Ruffian (Draconian Transmuter)         Turns: 1838, Time: 00:02:27

Health: -2/42      AC:  5    Str: 13    XL:     5   Next: 21%
Magic:  8/8        EV: 13    Int: 13    God:
Gold:   79         SH:  0    Dex: 12    Spells: 1/9 levels left

rFire    . . .     SeeInvis .     - Fists (7.7)
rCold    . . .     Gourm    .   (no shield)
rNeg     . . .     Faith    .   (armour unavailable)
rPois    .         Spirit   .   (helmet restricted)
rElec    .         Reflect  .   (no cloak)
rCorr    .         Harm     .   (no gloves)
MR       .....                  (no boots)
Stlth    +.........             (no amulet)
HPRegen  0.14/turn              (no ring)
MPRegen  0.11/turn              (no ring)

@: no status effects
A: unfitting armour, cold-blooded, AC +5
a: no special abilities


You were on level 3 of the Dungeon.
You were not hungry.

You visited 1 branch of the dungeon, and saw 3 of its levels.

You collected 79 gold pieces.

Inventory:

Missiles
 a - 247 arrows
Armour
 o - a cursed +0 cloak
Wands
 n - a wand of enslavement (6)
Scrolls
 h - a scroll of fog {unknown}
 i - a scroll of noise {unknown}
 l - a scroll of enchant armour {unknown}
 m - a scroll of identify
 q - a scroll of blinking {unknown}
Potions
 b - a potion of invisibility {unknown}
 c - a potion of lignification
 d - 2 potions of brilliance {unknown}
 f - a potion of curing {unknown}
 g - a potion of flight {unknown}
 k - 3 potions of might {unknown}
 p - 2 potions of heal wounds {unknown}
Comestibles
 e - 6 rations {!d}
 j - 4 chunks of flesh


   Skills:
 * Level 2.5 Fighting
 * Level 2.7 Dodging
 * Level 3.8 Unarmed Combat
 + Level 2.6 Spellcasting
 * Level 3.0 Transmutations


You had one spell level left.
You knew the following spells:

 Your Spells              Type           Power        Failure   Level  Hunger
a - Beastly Appendage     Tmut           #.....       7%          1    None
b - Sticks to Snakes      Tmut           #.......     11%         2    ##.....
c - Passwall              Tmut/Erth      #.......     19%         2    ##.....
d - Spider Form           Tmut/Pois      #..          36%         3    ####...

Your spell library contained the following spells:

 Spells                   Type           Power        Failure   Level  Hunger
 Ice Form                 Ice/Tmut       #.......     77%         4    ######.
 Blade Hands              Tmut           #.........   88%         5    #######


Dungeon Overview and Level Annotations

Branches:
Dungeon (3/12)

Altars:


Innate Abilities, Weirdness & Mutations

Your plain brown scales are hard. (AC +5)
You cannot fit into any form of body armour.
You are cold-blooded and may be slowed by cold attacks.


Message History

The gnoll is heavily wounded.
The gnoll hits you with a +0 club!
* * * LOW HITPOINT WARNING * * *
The gnoll completely misses you.
You hit the gnoll. You headbutt the gnoll.
You kill the gnoll!
Your horns disappear.
The gnoll barely misses you. x2
You see here a +0 club.
You barely miss the gnoll.
You tail-slap the gnoll, but do no damage.
The gnoll hits you but does no damage. The gnoll barely misses you.
You hit the gnoll.
The gnoll is moderately wounded.
The gnoll hits you but does no damage. The gnoll hits you!
* * * LOW HITPOINT WARNING * * *
You hit the gnoll. You tail-slap the gnoll.
The gnoll is severely wounded.
The gnoll misses you. The gnoll hits you!
You die...

### ..# #.# #.#
#.# ..
#####.##### #.#
.# #...)gg..^#
#.# .# #@# #.#
#.# .# #.# #.#
#.# .# #.# #.#
#.# .#
##.###.###.####.#
#...............#
#......#...###.##
#.####.#..## #.#
#.. ###.#.)# #.#
.... ...#..# #.#


You could see 2 gnolls.

Vanquished Creatures
  An ogre (D:3)
  2 adders (D:3)
  2 gnolls (D:3)
  A worm (D:1)
  3 dart slugs (D:1)
  2 leopard geckos (D:1)
  A giant cockroach (D:3)
  3 goblins
  10 hobgoblins
  7 kobolds
  2 bats
  A frilled lizard (D:1)
  4 rats
39 creatures vanquished.

Notes
Turn   | Place    | Note
-------+----------+-------------------------------------------
     0 | D:1      | Adamkad1 the Draconian Transmuter began the quest for the
                  | Orb.
     0 | D:1      | Reached XP level 1. HP: 16/16 MP: 3/3
   201 | D:1      | Reached XP level 2. HP: 22/23 MP: 3/5
   725 | D:1      | Reached XP level 3. HP: 29/29 MP: 4/6
  1327 | D:2      | Learned a level 2 spell: Sticks to Snakes
  1330 | D:2      | Learned a level 2 spell: Passwall
  1487 | D:3      | Reached XP level 4. HP: 36/36 MP: 5/7
  1498 | D:3      | Noticed an ogre
  1622 | D:3      | Killed an ogre
  1623 | D:3      | Reached XP level 5. HP: 2/42 MP: 5/8
  1801 | D:3      | Learned a level 3 spell: Spider Form
  1838 | D:3      | Slain by a gnoll

Skill      XL: |  1  2  3  4 |
---------------+-------------+-----
Dodging        | 2 |  2.7
Fighting       | 2 |  2.5
Transmutations | 3 |  3.0
Unarmed Combat | |  3.8
Spellcasting   | |  2.6

Action                   |  1- 3 |  4- 6 || total
-------------------------+-------+-------++-------
Melee: Unarmed           |   116 |    22 ||   138
       Tailslap          |     9 |     2 ||    11
       Kick              |     5 |     1 ||     6
       Headbutt          |     4 |     2 ||     6
 Cast: Beastly Appendage |    21 |     2 ||    23
       Sticks to Snakes  |       |     5 ||     5
 Stab: Sleeping          |     1 |       ||     1
  Eat: Chunk             |     5 |     2 ||     7
Armor: Skin              |    20 |     9 ||    29
Dodge: Dodged            |    69 |    34 ||   103
